 Dungeon Crawl Stone Soup version 0.20.0-14-g326068f (webtiles) character file.

2758 Chiseanne the Skirmisher (level 9, -2/74 HPs)
             Began as a Demonspawn Wanderer on June 8, 2017.
             Was a Priest of Dithmenos.
             Slain by an ice devil (20 damage)
             ... summoned by a kobold demonologist
             ... on level 8 of the Dungeon.
             The game lasted 00:14:52 (5679 turns).

Chiseanne the Skirmisher (Demonspawn Wanderer)      Turns: 5679, Time: 00:14:53

Health: -2/74      AC: 12    Str: 17    XL:     9   Next: 41%
Magic:  9/9        EV: 14    Int: 11    God:    Dithmenos [***...]
Gold:   236        SH:  0    Dex: 14    Spells: 8/8 levels left

rFire    . . .     SeeInvis +   d - +11 spear of Lies {drain, *Corrode rPois SInv}
rCold    . . .     Gourm    .   (no shield)
rNeg     . . .     Faith    .   c - +0 ring mail
rPois    +         Spirit   .   (no helmet)
rElec    .         Reflect  .   r - +1 cloak
rCorr    .         Harm     .   (no gloves)
MR       .....                  q - +0 pair of boots
Stlth    ++++++....             (no amulet)
Regen    0.3/turn               y - ring of wizardry
MPRegen  0.2/turn               (no ring)

@: wreathed by umbra
A: thin metallic scales 1, nightstalker 2, spiny 2
a: Shadow Step, Renounce Religion


You were on level 8 of the Dungeon.
You worshipped Dithmenos.
Dithmenos was most pleased with you.
You were not hungry.

You visited 2 branches of the dungeon, and saw 9 of its levels.
You also visited: Sewer and Ossuary.

You collected 236 gold pieces.

Inventory:

Hand Weapons
 a - a +2 dagger of electrocution
 d - the +11 spear of Lies (weapon) {drain, *Corrode rPois SInv}
   (You found it on level 4 of the Dungeon)

   A truly terrible weapon, it drains the life of those it strikes.
   It protects you from poison.
   It lets you see invisible.
   It may corrode you when you take damage.
 w - a +3 shortbow
 B - a +1 dagger of venom
 C - a +1 hand axe of venom
 E - a +0 falchion of protection
Missiles
 b - 96 arrows
 g - 28 sling bullets
 k - 227 stones (quivered)
 t - 22 poisoned needles
 D - 27 bolts
 F - 4 needles of sleeping
Armour
 c - a +0 ring mail (worn)
 q - a +0 pair of boots (worn)
 r - a +1 cloak (worn)
Jewellery
 y - a ring of wizardry (left hand)
 I - an uncursed ring of ice
Wands
 H - a wand of scattershot (2/9)
Scrolls
 e - 2 scrolls of remove curse
 p - 3 scrolls of fog
 u - a scroll of teleportation
Potions
 h - a potion of degeneration {unknown}
 j - 2 potions of might
 l - 4 potions of flight
 m - 9 potions of curing
 n - 2 potions of heal wounds {unknown}
 o - a potion of haste {unknown}
 s - 2 potions of lignification
 v - a potion of mutation {unknown}
 x - a potion of berserk rage
 G - a potion of cancellation {unknown}
Comestibles
 f - 5 bread rations
 i - 2 meat rations
 z - a royal jelly
 A - a fruit


   Skills:
 * Level 7.9 Fighting
 - Level 1.2 Short Blades
 - Level 1.0 Bows
 * Level 6.5 Armour
 * Level 6.1 Dodging
 * Level 5.2 Stealth
 - Level 1.0 Evocations


You had 8 spell levels left.
You didn't know any spells.

Dungeon Overview and Level Annotations

Branches:
Dungeon (8/15)             Temple (1/1) D:4
   Lair: D:8-11

Altars:
Ashenzari
Cheibriados
Dithmenos
Elyvilon
Fedhas
Gozag
Hepliaklqana
Kikubaaqudgha
Makhleb
Nemelex Xobeh
Okawaru
Qazlal
Ru
Sif Muna
Trog
Uskayaw
Vehumet
Xom
Yredelemnul
Zin

Shops:
D:4 *   D:6 }


Innate Abilities, Weirdness & Mutations

You are partially covered in thin metallic scales. (AC +2)
You are significantly more attuned to the shadows.
You are mostly covered in sharp spines.


Message History

The kobold demonologist is heavily wounded.
The kobold barely misses you.
The kobold demonologist hits you but does no damage.
The ice devil is struck by your spines.
The ice devil hits you but does no damage.
The kobold is struck by your spines.
You kill the kobold!
Dithmenos accepts your kill. The hellwing hits you!
The hellwing barely misses you. The orc wizard hits you with a dagger.
* * * LOW HITPOINT WARNING * * *
You closely miss the kobold demonologist.
The kobold demonologist is heavily wounded.
The kobold hits you with a short sword.
* * * LOW HITPOINT WARNING * * *
The kobold demonologist is struck by your spines.
The kobold demonologist misses you. The ice devil hits you.
* * * LOW HITPOINT WARNING * * *
The ice devil freezes you!!
You die...

#.....#.# .#
#...#.#.... <
##..####...
#....##.....
#....#......
#......#....
##.#.(##....
.......(4....
####..)@o5...
#.oKK44..#
##..o...##
#.#.....#
##.....$#
.......#


You could see a hellwing, an ice devil, a kobold demonologist, a chaos spawn, an
orc wizard, a white imp, 2 orcs and a kobold.

Vanquished Creatures
  Grinder (D:3)
  Eustachio (D:6)
  Edmund (D:5)
  A hornet zombie (D:7)
  An ice beast (D:7)
  2 phantoms
  3 ogres
  A centaur (D:5)
  Blork the orc (D:5)
  3 big kobolds
  2 bullfrogs
  A water moccasin zombie (Ossuary)
  A scorpion (D:4)
  A howler monkey (D:4)
  A crimson imp (D:7)
  3 hounds (D:5)
  2 orc priests
  2 jellies (D:7)
  3 orc wizards
  A bullfrog skeleton (D:7)
  3 iguanas
  5 worker ants
  A big kobold zombie (Ossuary)
  2 hound skeletons
  2 mummies (Ossuary)
  11 gnolls
  A howler monkey skeleton (D:4)
  2 river rats (Sewer)
  10 adders
  2 shadow imps
  An ooze (D:1)
  6 adder zombies
  2 worms
  2 dart slugs
  2 leopard geckos
  25 orcs
  3 ball pythons
  2 bat zombies (D:5)
  7 giant cockroaches
  4 gnoll zombies (Ossuary)
  13 goblins
  5 hobgoblins
  12 jackals
  15 kobolds
  6 quokkas
  3 bats
  3 frilled lizards
  A giant cockroach zombie (D:6)
  5 hobgoblin zombies (Ossuary)
  A jackal skeleton (D:7)
  3 kobold zombies (Ossuary)
  9 orc zombies (Ossuary)
  A quokka skeleton (D:6)
  A quokka zombie (D:7)
  11 rats
214 creatures vanquished.

Vanquished Creatures (others)
  An adder (D:5)
1 creature vanquished.

Grand Total: 215 creatures vanquished

Notes
Turn   | Place    | Note
-------+----------+-------------------------------------------
     0 | D:1      | Chiseanne the Demonspawn Wanderer began the quest for the Orb.
     0 | D:1      | Chiseanne set off with: a +2 shortbow, 22 arrows, a +0 ring mail, a wand of random effects (15/48), a +0 dagger, a bread ration
     0 | D:1      | Reached XP level 1. HP: 19/19 MP: 1/1
   202 | D:1      | Gained mutation: You are partially covered in thin metallic scales. (AC +2) [demonic ancestry]
   202 | D:1      | Reached XP level 2. HP: 22/25 MP: 2/2
   650 | D:2      | Reached skill level 1 in Dodging
   668 | D:2      | Gained mutation: You are slightly more attuned to the shadows. [demonic ancestry]
   668 | D:2      | Reached XP level 3. HP: 31/31 MP: 3/3
  1035 | D:3      | Found a glowing drain.
  1066 | Sewer    | Entered a sewer
  1073 | Sewer    | Reached XP level 4. HP: 38/38 MP: 4/4
  1259 | Sewer    | Noticed a big kobold
  1275 | Sewer    | Killed a big kobold
  1275 | Sewer    | Gained mutation: You are significantly more attuned to the shadows. [demonic ancestry]
  1275 | Sewer    | Reached XP level 5. HP: 33/43 MP: 5/5
  1435 | Sewer    | Found a white marble altar of Elyvilon.
  1480 | D:3      | Reached skill level 5 in Fighting
  2088 | D:3      | Noticed Grinder
  2092 | D:3      | Paralysed by Grinder for 4 turns
  2100 | D:3      | Killed Grinder
  2100 | D:3      | Gained mutation: You are partially covered in sharp spines. [demonic ancestry]
  2100 | D:3      | Reached XP level 6. HP: 27/52 MP: 6/6
  2312 | D:3      | Found a radiant altar of Vehumet.
  2557 | D:4      | Found Uggapyuph's General Store.
  2582 | D:4      | Found a sand-covered staircase.
  2587 | Ossuary  | Entered an ossuary
  2593 | Ossuary  | Reached XP level 7. HP: 57/57 MP: 7/7
  2908 | Ossuary  | Reached skill level 6 in Fighting
  3122 | D:4      | Found a staircase to the Ecumenical Temple.
  3129 | Temple   | Entered the Ecumenical Temple
  3226 | Temple   | Became a worshipper of Dithmenos the Shadowed
  3390 | D:4      | Got a bloodstained spear
  3398 | D:4      | Identified the +11 spear of Lies {drain, *Corrode rPois SInv} (You found it on level 4 of the Dungeon)
  3626 | D:5      | Entered Level 5 of the Dungeon
  3626 | D:5      | Noticed Blork the orc
  3635 | D:5      | Killed Blork the orc
  3859 | D:5      | Gained mutation: You are mostly covered in sharp spines. [demonic ancestry]
  3859 | D:5      | Reached XP level 8. HP: 58/65 MP: 8/8
  3926 | D:5      | Found an ancient bone altar of Kikubaaqudgha.
  3964 | D:5      | Reached skill level 5 in Armour
  4057 | D:5      | Noticed Edmund
  4063 | D:5      | Killed Edmund
  4080 | D:5      | Reached * piety under Dithmenos
  4130 | D:5      | Reached skill level 7 in Fighting
  4130 | D:5      | Reached skill level 5 in Dodging
  4643 | D:6      | Found Zitutyanyo's Gadget Emporium.
  4765 | D:6      | Found a bloodstained altar of Trog.
  4800 | D:6      | Noticed Eustachio
  4804 | D:6      | Killed Eustachio
  4804 | D:6      | Reached skill level 1 in Short Blades
  5060 | D:6      | Reached ** piety under Dithmenos
  5161 | D:7      | Reached XP level 9. HP: 72/72 MP: 9/9
  5440 | D:7      | Reached skill level 5 in Stealth
  5630 | D:8      | Found a shattered altar of Ashenzari.
  5663 | D:8      | Noticed a kobold demonologist
  5672 | D:8      | Noticed an ice devil
  5672 | D:8      | Reached *** piety under Dithmenos
  5676 | D:8      | Noticed a hellwing
  5679 | D:8      | Slain by an ice devil

Skill      XL: |  1  2  3  4  5  6  7  8  9 |
---------------+----------------------------+-----
Armour         | 2 3 4 6 |  6.5
Dodging        | 1 2 3 4 5 6 |  6.1
Fighting       | 5 6 7 |  7.9
Stealth        | 2 4 5 |  5.2
Short Blades   | 1 |  1.2
Bows           | |  1.0
Evocations     | |  1.0

Action                   |  1- 3 |  4- 6 |  7- 9 || total
-------------------------+-------+-------+-------++-------
Melee: Dagger            |    90 |   151 |    85 ||   326
       Spear             |       |       |   175 ||   175
Throw: Stone             |       |       |     1 ||     1
  Use: Scroll            |     2 |     4 |     9 ||    15
       Potion            |       |     1 |       ||     1
 Stab: Sleeping          |       |     8 |    29 ||    37
       Distracted        |       |       |     1 ||     1
  Eat: Chunk             |     1 |     5 |    10 ||    16
Armor: Ring mail         |    33 |    60 |    70 ||   163
Dodge: Dodged            |    48 |    95 |   137 ||   280
